 Dungeon Crawl Stone Soup version 0.29-a0-506-ga2e7fffb44 (webtiles) character file.

Game seed: 17236886967509625486

239 avis the Insei (level 6, -7/63 HPs)
             Began as an Octopode Transmuter on May 29, 2022.
             Mangled by a wyvern (10 damage)
             ... on level 4 of the Dungeon.
             The game lasted 00:13:17 (3472 turns).

avis the Insei (Octopode Transmuter)                Turns: 3472, Time: 00:13:18

Health: -7/63      AC: 23    Str: 16    XL:     6   Next: 7%
Magic:  0/10       EV:  2    Int: 19    God:
Gold:   174        SH:  0    Dex: 14    Spells: 3/11 levels left

rFire   . . .      SeeInvis .     - Unarmed
rCold   + . .      Faith    .   (no shield)
rNeg    . . .      Spirit   +   (helmet currently unavailable)
rPois   +          Reflect  .   e - amulet of guardian spirit
rElec   .          Harm     .   g - ring of protection from cold
rCorr   .          Rampage  .   o - ring of Diaf {Wiz Drain Str+4 Int+4 Dex+2}
Will    .....      NoTele   +   s - ring of flight
Stlth   +.........              (no ring)
HPRegen 0.20/turn               (no ring)
MPRegen 0.12/turn               (no ring)
                                (no ring)
                                (no ring)

@: tree-form
A: stationary, stasis, torment immunity, boosted hp, almost no armour,
(amphibious), 8 rings, (camouflage 1), (gelatinous body 1), (nimble swimmer 1),
(tentacles)
a: no special abilities


You were on level 4 of the Dungeon.
You were a tree.
You visited 1 branch of the dungeon, and saw 4 of its levels.

You collected 174 gold pieces.

Inventory:

Missiles
 f - 6 boomerangs
 n - 6 atropa-tipped darts
Jewellery
 e - an amulet of guardian spirit (around neck)
 g - a ring of protection from cold (left branch)
 o - the ring of Diaf (right branch) {Wiz Drain Str+4 Int+4 Dex+2}
   (You found it on level 3 of the Dungeon)

   [ring of wizardry]

   It improves your spell success rate.
   Str:       It affects your strength (+4).
   Int:       It affects your intelligence (+4).
   Dex:       It affects your dexterity (+2).
   Drain:     It drains your maximum health when unequipped.
 s - a ring of flight (on tentacle)
Wands
 r - a wand of charming (7)
Scrolls
 b - 4 scrolls of immolation {unknown}
 c - a scroll of vulnerability {unknown}
 d - a scroll of identify {unknown}
 h - a scroll of teleportation {unknown}
 j - a scroll of brand weapon {unknown}
 l - a scroll of poison {unknown}
 q - a scroll of enchant weapon {unknown}
Potions
 i - a potion of invisibility {unknown}
 k - a potion of attraction {unknown}
 m - a potion of curing {unknown}
 p - a potion of heal wounds {unknown}
 t - a potion of berserk rage {unknown}
 u - a potion of degeneration {unknown}


   Skills:
 - Level 3.0 Fighting
 - Level 2.0 Dodging
 - Level 4.0 Unarmed Combat
 - Level 3.0 Spellcasting
 - Level 3.0 Transmutations
 * Level 1.4 Ice Magic
 - Level 2.0 Poison Magic


You had 3 spell levels left.
You knew the following spells:

 Your Spells              Type           Power      Damage    Failure   Level
a - Beastly Appendage     Tmut           28%        N/A       1%          1
p - Spider Form           Tmut/Pois      12%        N/A       6%          3
q - Ice Form              Ice/Tmut       11%        N/A       24%         4

Your spell library contained the following spells:

 Spells                   Type           Power      Damage    Failure   Level
 Wereblood                Tmut           14%        N/A       2%          2
 Ignite Poison            Fire/Tmut/Pois 9%         N/A       10%         3
 Frozen Ramparts          Ice            16%        1d3       11%         3
 Mephitic Cloud           Conj/Pois/Air  5%         N/A       14%         3
 Summon Ice Beast         Ice/Summ       5%         N/A       41%         4
 Freezing Cloud           Conj/Ice/Air   2%         6-21      77%         5


Dungeon Overview and Level Annotations

Branches:
Dungeon (4/15)             Temple (0/1) D:4

Altars:
Yredelemnul

Shops:
D:1 [


Innate Abilities, Weirdness & Mutations

You are a tree.
Your roots penetrate the ground, keeping you stationary.
You cannot be teleported.
You are immune to unholy pain and torment.
Your maximum health is greatly increased.
You cannot wear most types of armour.
((You are amphibious.))
You can wear up to eight rings at the same time.
((Your skin changes colour to match your surroundings (Stealth+).))
((Your rubbery body absorbs attacks. (AC +1, EV +1)))
((You are camouflaged when in or above water. (Stealth+)))
((You have tentacles for arms and can constrict up to eight enemies at once.))


Message History

There is a staircase to the Ecumenical Temple here.
Casting: Spider Form (dangerous; 6% risk of failure)
Confirm with . or Enter, or press ? or * to list all spells.
You turn into a venomous arachnid creature.
A wyvern comes into view.
Your transformation is almost over.
You completely miss the goblin. The goblin completely misses you.
You hit the goblin but do no damage.
The goblin is poisoned.
The goblin closely misses you.
You barely miss the goblin. The goblin misses you.
You hit the goblin.
You kill the goblin!
Things that are here:
a +0 club; a +0 hunting sling; a goblin corpse Your transformation has ended.
The wyvern hisses angrily.
The wyvern closely misses you.
You barely miss the wyvern. You squeeze the wyvern!
The wyvern is moderately wounded.
The wyvern closely misses you. The wyvern bites you!
Casting: Spider Form (dangerous; 6% risk of failure)
Confirm with . or Enter, or press ? or * to list all spells.
You turn into a venomous arachnid creature.
The wyvern bites you!
You hit the wyvern but do no damage.
The wyvern is poisoned.
The wyvern is moderately wounded.
The wyvern bites you! The wyvern misses you.
You hit the wyvern.
The wyvern is heavily wounded.
The wyvern bites you!
* * * LOW HITPOINT WARNING * * *
Really quaff the potion of lignification?
Your transformation has ended.
You turn into a tree.
Your roots penetrate the ground.
The wyvern barely misses you. The wyvern bites you.
* * * LOW HITPOINT WARNING * * *
You barely miss the wyvern.
The wyvern is heavily wounded.
The wyvern bites you!
You die...

.............#
...#.#.#.#.#.#......#
.............#......+
...#.......#.#......#
....................#
...#...>...#.......#
...................#
...#.......#.......#
...........)....♣l.#
#..#.#.#.#.#.......#
#..................#
#...########.......#
##### #.......#
#.......# #.......#
#########


You could see a wyvern (very poisoned).

Vanquished Creatures
  A scorpion (D:4)
  2 hounds
  3 adders
  A white imp (D:3)
  3 worms
  3 orcs (D:4)
  8 endoplasms
  2 giant cockroaches
  5 goblins
  10 hobgoblins
  4 jackals (D:1)
  4 kobolds
  5 quokkas
  4 ball pythons
  7 bats
  4 frilled lizards
  3 rats
69 creatures vanquished.

Notes
Turn   | Place    | Note
-------+----------+-------------------------------------------
     0 | D:1      | avis the Octopode Transmuter began the quest for the Orb.
     0 | D:1      | Reached XP level 1. HP: 13/13 MP: 3/3
   342 | D:1      | Reached XP level 2. HP: 15/19 MP: 3/5
   655 | D:1      | Found a faded altar of an unknown god.
   656 | D:1      | Found Beuczim's Antique Armour Shoppe.
   684 | D:1      | Reached XP level 3. HP: 17/25 MP: 6/6
   848 | D:1      | Learned a level 3 spell: Spider Form
  1346 | D:2      | Reached skill level 1 in Poison Magic
  1495 | D:2      | Found a basalt altar of Yredelemnul.
  1940 | D:2      | Reached XP level 4. HP: 31/31 MP: 5/7
  2686 | D:3      | Identified the ring of Diaf {Wiz Drain Str+4 Int+4 Dex+2}
  2787 | D:3      | Reached skill level 4 in Unarmed Combat
  2885 | D:3      | Reached XP level 5. HP: 36/36 MP: 4/8
  3374 | D:4      | Learned a level 4 spell: Ice Form
  3390 | D:4      | Reached skill level 1 in Ice Magic
  3390 | D:4      | Reached XP level 6. HP: 40/42 MP: 6/10
  3445 | D:4      | Found a staircase to the Ecumenical Temple.
  3456 | D:4      | Noticed a wyvern
  3470 | D:4      | HP: 2/42 [wyvern (12)]
  3472 | D:4      | Mangled by a wyvern

Illustrated notes

Levels and vault maps discovered:
D:1:      evilmike_arrival_rings, layout_basic, basic_ecumenical_altar,
          serial_shops, shop
D:2:      layout_loops_corners, basic_altar
D:3:      layout_rooms, minivault_5, amcnicky_mini_rare_corridor_liquid,
          minivault_5
D:4:      layout_basic, minmay_temple_entry_glass, serial_curves,
          eino_curves_02, eino_curves_04, kennysheep_potato

Skill      XL: |  1  2  3  4  5 |
---------------+----------------+-----
Fighting       | 2 3 |  3.0
Poison Magic   | 2 |  2.0
Unarmed Combat | 4 |  4.0
Spellcasting   | 3 |  3.0
Transmutations | 3 |  3.0
Ice Magic      | 1 |  1.4
Dodging        | |  2.0

Action                   |  1- 3 |  4- 6 || total
-------------------------+-------+-------++-------
Melee: Unarmed           |    73 |    75 ||   148
       Kick              |    22 |     9 ||    31
       Constrict         |    23 |     5 ||    28
       Tentacles         |    15 |     4 ||    19
       Punch             |     1 |     1 ||     2
 Cast: Beastly Appendage |    26 |    12 ||    38
       Spider Form       |       |    12 ||    12
  Use: Potion            |       |     1 ||     1
 Stab: Sleeping          |    10 |     3 ||    13
Armor: Skin              |     8 |     2 ||    10
Dodge: Dodged            |    35 |    45 ||    80

Table legend: (Time is in decaauts)
 A = Elapsed time spent in this place.
 B = Non-inter-level travel time spent in this place.
 C = Inter-level travel time spent in this place.
 D = Time resting spent in this place.
 E = Time spent auto-exploring this place.
 F = Levels seen in this place.
 G = Mean time per level.
                   A        B        C        D        E       F      G
               +--------+--------+--------+--------+--------+-----+--------+
         Total |   3463 |   3195 |    268 |    596 |   1794 |   4 |  865.8 |
       Dungeon |   3463 |   3195 |    268 |    596 |   1794 |   4 |  865.8 |
               +--------+--------+--------+--------+--------+-----+--------+

Top non-repeatable levels by time:
     D:2: 1230 daAuts
     D:1: 1188 daAuts
     D:3: 730 daAuts
     D:4: 313 daAuts
